 Dungeon Crawl Stone Soup version 0.31.0-32-g396128a36d (webtiles) character file.

Game seed: 8151211724274093471

28717 Logoto the Tortoise (level 13, -12/183 HPs)
             Began as a Hill Orc Berserker on Apr 2, 2024.
             Was an Elder of Trog.
             Mangled by Rupert
             ... wielding a +2 executioner's axe of flaming
              (37 damage)
             ... on level 4 of the Lair of Beasts.
             The game lasted 00:37:20 (15084 turns).

Logoto the Tortoise (Hill Orc Berserker)           Turns: 15084, Time: 00:37:21

Health: -12/183    AC: 23    Str: 25    XL:     13   Next: 40%
Magic:  13/13      EV:  8    Int:  7    God:    Trog [****..]
Gold:   930        SH:  0    Dex: 10    Spells: 12/12 levels left

rFire   . . .        o - +2 mace (heavy)
rCold   . . .        (no shield)
rNeg    . . .        g - +0 plate armour
rPois   .            (no helmet)
rElec   .            O - +0 cloak
rCorr   .            S - +0 pair of gloves
SInv    .            w - +1 pair of boots
Will    .....        z - amulet of the acrobat Stlth
                     T - ring of flight
HPRegen 0.50/turn    t - +4 ring of slaying
MPRegen 0.13/turn

%: acrobat
@: berserking (expiring), flying, very quick
A: no striking features
a: Renounce Religion, Berserk, Trog's Hand, Brothers in Arms


You were on level 4 of the Lair of Beasts.
You worshipped Trog.
Trog was greatly pleased with you.
You visited 2 branches of the dungeon, and saw 14 of its levels.

You collected 930 gold pieces.

Inventory:

Hand Weapons
 a - a +6 hand axe of freezing
 o - a +2 heavy mace (weapon)
 p - a +3 scythe of pain
 v - a +3 mace of protection
 C - a +1 demon whip of venom
Missiles
 i - 18 poisoned darts (quivered)
 n - a throwing net
Armour
 f - a +0 scale mail
 g - a +0 plate armour (worn)
 w - a +1 pair of boots (worn)
 O - a +0 cloak (worn)
 S - a +0 pair of gloves (worn)
Jewellery
 j - a +6 ring of dexterity
 t - a +4 ring of slaying (right hand)
 y - a +6 ring of dexterity
 z - an amulet of the acrobat (around neck)
 T - a ring of flight (left hand)
Wands
 q - a wand of paralysis (10)
 I - a wand of polymorph (7)
 M - a wand of flame (22)
 P - a wand of mindburst (16)
Scrolls
 c - a scroll of enchant weapon {unknown}
 d - 2 scrolls of revelation {unknown}
 h - 2 scrolls of acquirement
 r - 2 scrolls of poison {unknown}
 x - a scroll of blinking {unknown}
 A - a scroll of torment {unknown}
 B - 2 scrolls of teleportation
 F - a scroll of noise {unknown}
 H - 2 scrolls of fog {unknown}
 J - a scroll of summoning {unknown}
 L - a scroll of enchant armour
 Q - a scroll of brand weapon {unknown}
 V - a scroll of silence {unknown}
 X - 4 scrolls of identify
Potions
 b - 5 potions of mutation
 e - 4 potions of curing
 k - 5 potions of attraction
 l - 3 potions of berserk rage
 m - 3 potions of ambrosia
 u - 3 potions of enlightenment
 D - a potion of lignification
 E - a potion of invisibility {unknown}
 G - a potion of magic
 K - 2 potions of might
 N - 2 potions of resistance {unknown}
 R - a potion of brilliance {unknown}
 U - a potion of cancellation {unknown}


   Skills:
 * Level 13.6 Fighting
 * Level 15.2(16.2) Axes
 + Level 7.5(11.2) Maces & Flails
 + Level 1.8(8.5) Polearms
 * Level 15.4 Armour
 + Level 2.4 Dodging
 + Level 0.3 Stealth


You had 12 spell levels left.
You didn't know any spells.
Your spell library was empty.

Dungeon Overview and Level Annotations

Branches:
Dungeon (10/15)            Temple (0/1) D:5            Lair (4/5) D:10
  Swamp (0/4) Lair:3        Snake (0/4) Lair:2
  Slime: Lair:4-5       Orc: D:9-12

Altars:
Cheibriados
Elyvilon
Hepliaklqana
Nemelex Xobeh
Okawaru
Trog
Zin
The Shining One

Shops:
D:1 [   D:4 :

Annotations:
Lair:4 Rupert


Message History

Rupert hits you with a +2 executioner's axe of flaming!!
Rupert burns you.
The river rat bites you but does no damage.
The hell rat barely misses you.
You closely miss the river rat.
You feel sick. The cane toad barely misses you.
Rupert hits you with a +2 executioner's axe of flaming!
* * * LOW HITPOINT WARNING * * *
Rupert burns you.
* * * LOW HITPOINT WARNING * * *
The river rat bites you but does no damage.
The hell rat bites you but does no damage.
You are too berserk!
You closely miss the cane toad.
You feel sick. The cane toad closely misses you.
You sock Rupert!
Rupert is lightly wounded.
You feel sick. The hell rat closely misses you. Rupert barely misses you.
The river rat barely misses you. The cane toad barely misses you.
You bludgeon Rupert!!
Rupert is moderately wounded.
You feel sick.
The hell rat bites you but does no damage.
Rupert barely misses you.
The cane toad stings you but does no damage.
The hell rat bites you.
* * * LOW HITPOINT WARNING * * *
You're too confused to move!
The cane toad stings you but does no damage.
Rupert roars madly and goes into a rage!
Rupert goes berserk!
The cane toad stings you!
* * * LOW HITPOINT WARNING * * *
You're too confused to move!
You feel a strong urge to attack something.
You feel less confused.
You feel sick.
You are no longer poisoned.
The hell rat barely misses you.
Rupert hits you with a +2 executioner's axe of flaming!!!
You die...
Rupert roars with triumph.

..................#
..<..............##
........>........##
#......##...#.....###
..................#P####
####.....###.###.......#
.+++#.#.# #..#....# #...
#..####.#
.#....##@r.#P#.#
+...$rr@FF.....#
####..rSr####..# ##.##.#
.# ?.$ #.. . ... #.##
#...@ #.. #.#. #.. ##
##.# ...


You could see Rupert (berserk), a black mamba, 2 cane toads, a hell rat, 3 river
rats and a rat.

Vanquished Creatures
  Kirke (Lair:3)
  An alligator (Lair:3)
  2 hydras
  Erica (D:10)
  A boulder beetle (Lair:2)
  4 death yaks (Lair:2)
  2 skysharks
  Amaemon (Lair:3)
  Pikel (D:8)
  2 black mambas
  3 elephants (Lair:2)
  8 cane toads
  2 rime drakes
  An orange demon (Lair:3)
  4 komodo dragons
  A troll (D:10)
  A polar bear (Lair:4)
  A hornet (Lair:3)
  6 dream sheep
  4 blink frogs
  Sigmund (D:3)
  A wraith (D:9)
  20 yaks
  3 wyverns
  5 hogs (Lair:3)
  A basilisk (Lair:3)
  4 steam dragons
  4 nagas (Lair:2)
  12 water moccasins
  3 acid dragons (D:10)
  An ice beast (D:6)
  5 orc warriors
  A black bear (Lair:1)
  2 sky beasts
  3 ogres
  15 wolves
  5 centaurs
  A phantom (D:4)
  12 bullfrogs
  A gnoll sergeant (D:9)
  3 scorpions
  5 killer bees
  3 electric eels (D:9)
  4 howler monkeys
  5 orc priests
  2 bombardier beetles (D:4)
  5 hounds
  3 jellies
  Jessica (D:2)
  A gnoll bouda (D:4)
  4 iguanas
  9 orc wizards
  A hell rat (Lair:4)
  13 gnolls
  4 adders
  A shadow imp (D:6)
  3 white imps
  3 ufetubi
  4 dart slugs
  3 ribbon worms (D:3)
  28 orcs
  6 endoplasms
  2 giant cockroaches
  8 goblins
  5 hobgoblins
  2 jackals (D:4)
  5 quokkas
  6 ball pythons
  2 bats (D:2)
  3 frilled lizards
  4 kobolds
  6 rats
  A butterfly (Lair:1)
302 creatures vanquished.

Notes
Turn   | Place    | Note
-------+----------+-------------------------------------------
     0 | D:1      | Logoto the Hill Orc Berserker began the quest for the Orb.
     0 | D:1      | Reached XP level 1. HP: 19/19 MP: 1/1
    66 | D:1      | Found Firghoul's Antique Armour Boutique.
    79 | D:1      | Found a faded altar of an unknown god.
   356 | D:1      | Reached XP level 2. HP: 27/27 MP: 2/2
   983 | D:2      | Reached XP level 3. HP: 24/33 MP: 3/3
  1040 | D:2      | Noticed Jessica
  1047 | D:2      | Killed Jessica
  1050 | D:2      | Reached skill level 5 in Axes
  1102 | D:2      | Reached XP level 4. HP: 37/41 MP: 4/4
  1638 | D:3      | Reached ** piety under Trog
  1770 | D:3      | Reached XP level 5. HP: 47/47 MP: 5/5
  1875 | D:3      | Noticed Sigmund
  1887 | D:3      | Killed Sigmund
  1888 | D:3      | Reached skill level 5 in Fighting
  1888 | D:3      | Reached skill level 1 in Maces & Flails
  1888 | D:3      | Reached XP level 6. HP: 56/56 MP: 6/6
  1905 | D:3      | Found a white marble altar of Elyvilon.
  1905 | D:3      | Found a glowing golden altar of the Shining One.
  1907 | D:3      | Found a glowing silver altar of Zin.
  2203 | D:3      | Reached skill level 1 in Polearms
  2527 | D:4      | Reached skill level 5 in Armour
  2528 | D:4      | Reached XP level 7. HP: 61/61 MP: 7/7
  2775 | D:4      | Found Maahecac's Self-Published Books.
  3325 | D:4      | Reached *** piety under Trog
  3380 | D:4      | Found an iron altar of Okawaru.
  3380 | D:4      | Found a sparkling altar of Nemelex Xobeh.
  3679 | D:5      | Entered Level 5 of the Dungeon
  3701 | D:5      | Found a staircase to the Ecumenical Temple.
  3712 | D:5      | Reached XP level 8. HP: 61/69 MP: 8/8
  3739 | D:5      | Identified the +6 long sword of the Ghost {speed, rC++
                  | rCorr}
  4555 | D:6      | Noticed a yak
  4563 | D:6      | Killed a yak
  4864 | D:6      | Reached skill level 5 in Maces & Flails
  4864 | D:6      | Reached XP level 9. HP: 55/79 MP: 4/9
  5880 | D:7      | Reached **** piety under Trog
  6049 | D:7      | Found a snail-covered altar of Cheibriados.
  6662 | D:8      | Reached XP level 10. HP: 88/88 MP: 8/10
  6761 | D:8      | Found a hazy altar of Hepliaklqana.
  6847 | D:8      | Reached skill level 10 in Armour
  6932 | D:8      | Noticed Pikel
  6941 | D:8      | Killed Pikel
  6973 | D:8      | Found a bloodstained altar of Trog.
  7176 | D:8      | Identified 3 scrolls of acquirement
  7176 | D:8      | Acquired a +6 hand axe of freezing
  8761 | D:9      | Reached skill level 10 in Axes
  9093 | D:10     | Entered Level 10 of the Dungeon
  9100 | D:10     | Noticed Erica
  9116 | D:10     | Killed Erica
  9117 | D:10     | Reached XP level 11. HP: 81/97 MP: 7/11
  9517 | D:10     | Found a staircase to the Lair.
  9574 | D:10     | Found Toem's Hydra Hut.
  9574 | D:10     | Noticed a six-headed hydra
 10017 | Lair:1   | Entered Level 1 of the Lair of Beasts
 11240 | Lair:2   | Reached skill level 10 in Fighting
 11549 | Lair:2   | You fall into a shaft and drop 1 floor!
 11559 | Lair:3   | Noticed a skyshark
 11696 | Lair:2   | Noticed a skyshark
 11708 | Lair:2   | Killed a skyshark
 11802 | Lair:2   | Noticed a boulder beetle
 11803 | Lair:2   | Noticed a death yak
 11803 | Lair:2   | Noticed a death yak
 11828 | Lair:2   | Killed a boulder beetle
 11829 | Lair:2   | Reached XP level 12. HP: 104/108 MP: 6/12
 11834 | Lair:2   | Killed a death yak
 11835 | Lair:2   | Noticed a death yak
 11835 | Lair:2   | Noticed a death yak
 11851 | Lair:2   | Killed a death yak
 11866 | Lair:2   | Killed a death yak
 11876 | Lair:2   | Killed a death yak
 12280 | Lair:2   | Found a staircase to the Snake Pit.
 12837 | Lair:3   | Killed a skyshark
 13239 | Lair:3   | Noticed Amaemon
 13250 | Lair:3   | Killed Amaemon
 13415 | Lair:3   | Found a staircase to the Swamp.
 13415 | Lair:3   | Noticed an alligator
 13438 | Lair:3   | Killed an alligator
 13668 | Lair:3   | Noticed a five-headed hydra
 13681 | Lair:3   | Killed a five-headed hydra
 13874 | Lair:3   | Reached XP level 13. HP: 119/119 MP: 13/13
 14055 | Lair:3   | Noticed Kirke
 14063 | Lair:3   | Reached skill level 15 in Armour
 14075 | Lair:3   | Killed Kirke
 14380 | Lair:4   | Reached skill level 15 in Axes
 15065 | Lair:4   | Noticed Rupert
 15084 | Lair:4   | Mangled by Rupert

Illustrated notes

Levels and vault maps discovered:
D:1:      wander_arrival_estate, layout_loops_ring, serial_shops,
          nicolae_shop_statue_plus, chequers_ecumenical_altar_simple_redux
D:2:      layout_loops_ring, kennysheep_big_empty_room, nrook_mini_vaults,
          uniq_jessica
D:3:      layout_basic, good_gods_temple_1, uniq_sigmund
D:4:      layout_gridville, gammafunk_temple_overflow_statue,
          nicolae_custom_books
D:5:      layout_loops_ring, minmay_temple_entry_slanted, minivault_23
D:6:      minmay_diamond_boxcup, layout_loops_cross, minivault_25,
          minmay_small_thing
D:7:      layout_loops_corners, kennysheep_little_box,
          hangedman_abyss_or_decor_stabs
D:8:      layout_rooms, nzn_hepliaklqana_mist_gate, mainiacjoe_overflow_paths,
          serial_demonic, serial_demonic_c, serial_demonic_g, serial_demonic_b,
          serial_demonic_d, uniq_pikel
D:9:      layout_grid_maze, serial_bayou, serial_bayou_shore_a,
          serial_bayou_pond_a, serial_bayou_lagoon_a, serial_bayou_crossing
D:10:     layout_cave_pools, david_lair_shrubbed, doesnt_shop_hydraphobe,
          uniq_erica
Lair:1:   layout_regular_city, lemuel_fruit_fields
Lair:2:   layout_hall_layers, minmay_snake_entry_guardpost_small,
          minmay_hedge_maze
Lair:3:   layout_small_grid, mainiacjoe_swamp_entry_lozenge_pond,
          gauntlet_entry_generic, uniq_kirke, uniq_amaemon
Lair:4:   nzn_winding_woodlands_three_and_one
          [nzn_winding_woodlands_5x15_pockets,
          nzn_winding_woodlands_5x15_longhouse,
          nzn_winding_woodlands_5x15_garden,
          nzn_winding_woodlands_center_diamonds], layout_loops_ring,
          kennysheep_abandoned_house, uniq_rupert

Skill      XL: |  1  2  3  4  5  6  7  8  9 10 11 12 13 |
---------------+----------------------------------------+-----
Fighting       | 4 5 7 8 9 10 12 13 | 13.6
Axes           | 5 6 7 8 10 12 14 15 | 15.2
Armour         | 3 4 5 6 8 9 11 13 14 15 | 15.4
Maces & Flails | 1 2 3 5 6 7 |  7.5
Polearms       | 1 |  1.8
Dodging        | 2 |  2.4
Stealth        | |  0.3

Action                     |  1- 3 |  4- 6 |  7- 9 | 10-12 | 13-15 || total
---------------------------+-------+-------+-------+-------+-------++-------
  Melee: Hand axe          |    65 |    46 |       |   446 |    92 ||   649
         Mace              |       |    26 |   213 |    23 |    10 ||   272
         Halberd           |       |    56 |       |       |       ||    56
         Punch             |       |       |     2 |    10 |     3 ||    15
 Invoke: Berserk           |     2 |     6 |    16 |    34 |     4 ||    62
    Use: Potion            |       |       |     1 |     7 |       ||     8
         Scroll            |       |       |       |    15 |       ||    15
 Armour: Leather armour    |     7 |       |       |       |       ||     7
         Ring mail         |     6 |       |       |       |       ||     6
         Animal skin       |     1 |       |       |       |       ||     1
         Plate armour      |    28 |   144 |   304 |   448 |    83 ||  1007
         Scale mail        |     2 |       |       |       |       ||     2
  Dodge: Dodged            |    26 |    56 |   115 |   185 |    56 ||   438
